 Dungeon Crawl Stone Soup version 0.17.0-28-g6e173f8 (console) character file.

5756 Kloppie the Cleaver (level 10, -6/93 HPs)
             Began as a Minotaur Fighter on Nov 29, 2015.
             Was a Priest of Elyvilon.
             Killed from afar by a molten gargoyle (15 damage)
             ... with a bolt of magma
             ... on level 9 of the Dungeon.
             The game lasted 00:12:20 (7344 turns).

Kloppie the Cleaver (Minotaur Fighter)              Turns: 7344, Time: 00:12:20

Health: -6/93      AC: 18    Str: 21    XL:     10   Next: 49%
Magic:  14/14      EV:  6    Int:  5    God:    Elyvilon [***...]
Gold:   494        SH:  9    Dex: 10    Spells: 0 memorised, 9 levels left

rFire  . . .     SeeInvis +     a - +1 war axe
rCold  . . .     Clarity  .     y - +2 chain mail {rPois}
rNeg   + . .     SustAt   .     c - +0 shield
rPois  +         Gourm    .     B - +2 hat
rElec  .         Spirit   .     n - +0 cloak
rCorr  .         Warding  +     (no gloves)
rMut   .         Stasis   .     m - +0 pair of boots
MR     .....                    w - amulet of warding
Stlth  ..........               h - -3 ring of dexterity (curse)
                                z - ring of see invisible

@: not resistant to hostile enchantments, extremely unstealthy
A: retaliatory headbutt, horns 2
a: Lesser Healing, Heal Other, Purification, Divine Protection, Renounce
Religion


You were on level 9 of the Dungeon.
You worshipped Elyvilon.
Elyvilon was most pleased with you.
You were not hungry.

You visited 2 branches of the dungeon, and saw 10 of its levels.

You collected 494 gold pieces.

Inventory:

Hand Weapons
 a - a +1 war axe (weapon)
Armour
 c - a +0 shield (worn)
 m - a +0 pair of boots (worn)
 n - a +0 cloak (worn)
 y - a +2 chain mail of poison resistance (worn)
 B - a +2 hat (worn)
 E - a +0 plate armour
 F - a +0 large shield
Jewellery
 h - a cursed -3 ring of dexterity (right hand)
 j - an uncursed ring of positive energy
 k - an uncursed amulet of rage
 q - a cursed -5 ring of evasion {unknown}
 r - an uncursed ring of poison resistance
 s - an uncursed amulet of guardian spirit
 w - an amulet of warding (around neck)
 x - an uncursed ring of stealth
 z - a ring of see invisible (left hand)
Wands
 d - a wand of fireball (11)
 g - a wand of cold (6)
Scrolls
 i - a scroll of fog
 l - a scroll of teleportation
 p - 3 scrolls of immolation
 C - 2 scrolls of magic mapping {unknown}
 G - 9 scrolls of identify
 K - a scroll of remove curse {unknown}
Potions
 b - 3 potions of might
 f - 3 potions of curing
 o - 4 potions of heal wounds
 v - 2 potions of brilliance {unknown}
 D - a potion of cure mutation
 J - a potion of berserk rage {unknown}
 L - a potion of degeneration {unknown}
 N - a potion of mutation {unknown}
 P - 3 potions of lignification {unknown}
Books
 I - a book of Clouds

   Spells                             Type                      Level
   a - Mephitic Cloud                 Conjuration/Poison/Air       3
   b - Conjure Flame                  Conjuration/Fire             3
   c - Poisonous Cloud                Conjuration/Poison/Air       6
   d - Freezing Cloud                 Conjuration/Ice/Air          6
   e - Ring of Flames                 Charms/Fire                  7
 M - a book of Annihilations

   Spells                             Type                      Level
   a - Poison Arrow                   Conjuration/Poison           6
   b - Chain Lightning                Conjuration/Air              8
   c - Lehudib's Crystal Spear        Conjuration/Earth            8
   d - Glaciate                       Conjuration/Ice              9
   e - Fire Storm                     Conjuration/Fire             9
 O - an Akashic Record

   Spells                             Type                      Level
   a - Dispersal                      Translocation                6
   b - Malign Gateway                 Summoning/Translocation      7
   c - Disjunction                    Translocation                8
   d - Controlled Blink               Translocation                8
Comestibles
 e - 8 bread rations
 t - 5 meat rations
 u - 3 beef jerkies
 A - 4 fruits
 H - a chunk of flesh
 Q - a slice of pizza


   Skills:
 - Level 10.0 Fighting
 + Level 10.2 Axes
 - Level 10.0 Armour
 - Level 3.6 Shields
 + Level 7.7 Invocations


You had 9 spell levels left.
You didn't know any spells.

Dungeon Overview and Level Annotations

Branches:
Dungeon (9/15)             Temple (1/1) D:4
   Lair: D:8-11         Orc: D:9-12

Altars:
Ashenzari
Cheibriados
Dithmenos
Elyvilon
Fedhas
Gozag
Kikubaaqudgha
Makhleb
Nemelex Xobeh
Okawaru
Qazlal
Ru
Sif Muna
Trog
Vehumet
Xom
Yredelemnul
Zin
The Shining One


Innate Abilities, Weirdness & Mutations

You reflexively headbutt those who attack you in melee.
You have a pair of horns on your head.


Message History

No target in view!
There is a stone staircase leading up here.
A molten gargoyle comes into view. It is wielding a mace.
A molten gargoyle comes into view. It is wielding a mace.
The molten gargoyle blasts magma at you!
The bolt of magma hits you!
* * * LOW HITPOINT WARNING * * *
You are too injured to fight recklessly!
You are too injured to fight recklessly!
The molten gargoyle blasts magma at you!
The bolt of magma hits you!
The molten gargoyle blasts magma at you!
The bolt of magma hits you!
* * * LOW HITPOINT WARNING * * *
The molten gargoyle blasts magma at you!
The bolt of magma hits you!
* * * LOW HITPOINT WARNING * * *
The molten gargoyle blasts magma at you!
The bolt of magma hits you!
You die...

................[#
......(..........#
.................#
.....########....#
..#### #....# <.#
#....# ..# #....#
..# #....# .
##..@##### #
#99.....# #
#.......# #
#.......# #
#.......# .
#........# .
#.#.#.#.#.# .
#.#.#.#.#..# .
#...≈.§ ..#.#


You could see 2 molten gargoyles.

Vanquished Creatures
  Pikel (D:4)
  The ghost of carl the Carver, a novice MiFi of Gozag (D:6)
  The ghost of karlm the Conjurer, a novice DEWz (D:4)
  A troll (D:9)
  Grinder (D:3)
  Prince Ribbit (D:5)
  A hippogriff (D:8)
  An iguana (D:4)
  An orc warrior (D:7)
  Duvessa (D:7)
  4 ice beasts
  A sky beast (D:9)
  2 black bears (D:7)
  A phantom (D:7)
  3 ogres
  5 centaurs
  A giant frog (D:8)
  Dowan (D:7)
  8 wights
  2 scorpions
  9 killer bees
  4 crimson imps
  2 centaur zombies (D:8)
  A giant frog zombie (D:5)
  3 jellies
  3 orc priests
  5 hounds
  5 orc wizards
  5 worker ants
  4 centaur skeletons
  A hound zombie (D:8)
  2 hound skeletons
  8 adders
  4 shadow imps
  2 worms (D:2)
  7 giant geckos
  29 orcs
  5 giant cockroaches
  7 hobgoblins
  8 kobolds
  6 quokkas
  2 ball pythons
  5 bats
  A giant gecko zombie (D:5)
  3 giant newts
  5 goblins
  2 quokka zombies (D:5)
  11 rats
187 creatures vanquished.

Vanquished Creatures (others)
  2 slaves (D:4)
  A killer bee (D:8)
  An adder (D:4)
4 creatures vanquished.

Grand Total: 191 creatures vanquished

Notes
Turn   | Place    | Note
--------------------------------------------------------------
     0 | D:1      | Kloppie the Minotaur Fighter began the quest for the Orb.
     0 | D:1      | Reached XP level 1. HP: 19/19 MP: 0/0
   195 | D:1      | Reached XP level 2. HP: 27/27 MP: 1/1
   359 | D:1      | Reached skill level 4 in Fighting
   596 | D:2      | Found a basalt altar of Yredelemnul.
   733 | D:2      | Reached XP level 3. HP: 28/33 MP: 2/2
  1152 | D:2      | Reached XP level 4. HP: 39/41 MP: 3/3
  1500 | D:3      | Found a blossoming altar of Fedhas.
  1525 | D:3      | Found a stormy altar of Qazlal.
  1564 | D:3      | Found an opulent altar of Gozag.
  1564 | D:3      | Found a glowing silver altar of Zin.
  1625 | D:3      | Noticed Grinder
  1631 | D:3      | Killed Grinder
  1631 | D:3      | Reached skill level 6 in Fighting
  1631 | D:3      | Reached skill level 5 in Axes
  1631 | D:3      | Reached XP level 5. HP: 34/50 MP: 4/4
  1631 | D:3      | Reached XP level 6. HP: 38/57 MP: 5/5
  1645 | D:3      | Found a burning altar of Makhleb.
  1703 | D:3      | Noticed an Executioner
  2259 | D:4      | Found a staircase to the Ecumenical Temple.
  2268 | Temple   | Entered the Ecumenical Temple
  2331 | Temple   | Became a worshipper of Elyvilon the Healer
  2353 | D:4      | Noticed karlm's ghost (novice DEWz)
  2373 | D:4      | Killed karlm's ghost
  2373 | D:4      | Reached skill level 7 in Fighting
  2373 | D:4      | Reached XP level 7. HP: 36/67 MP: 6/6
  2686 | D:4      | Noticed Pikel
  2703 | D:4      | Killed Pikel
  2703 | D:4      | Reached skill level 9 in Fighting
  2703 | D:4      | Reached XP level 8. HP: 62/78 MP: 7/7
  3409 | D:5      | Entered Level 5 of the Dungeon
  3627 | D:5      | Reached * piety under Elyvilon
  3644 | D:5      | Found a shattered altar of Ashenzari.
  4027 | D:5      | Reached skill level 10 in Fighting
  4062 | D:5      | Noticed Prince Ribbit
  4088 | D:5      | Killed Prince Ribbit
  4088 | D:5      | Reached skill level 10 in Axes
  4163 | D:5      | Reached XP level 9. HP: 52/85 MP: 8/8
  4173 | D:5      | Reached skill level 1 in Invocations
  4383 | D:5      | Reached skill level 5 in Armour
  4540 | D:6      | Noticed carl's ghost (novice MiFi)
  4568 | D:6      | Killed carl's ghost
  4769 | D:6      | Found a radiant altar of Vehumet.
  4832 | D:6      | Found a snail-covered altar of Cheibriados.
  5327 | D:7      | Reached skill level 5 in Invocations
  5410 | D:7      | Reached ** piety under Elyvilon
  5813 | D:7      | Noticed Duvessa
  5814 | D:7      | Noticed Dowan
  5821 | D:7      | Killed Duvessa
  5823 | D:7      | Killed Dowan
  5823 | D:7      | Reached XP level 10. HP: 93/93 MP: 13/13
  6381 | D:7      | Reached *** piety under Elyvilon
  7326 | D:9      | Reached skill level 10 in Armour
  7344 | D:9      | Killed from afar by a molten gargoyle

Action                   |  1- 3 |  4- 6 |  7- 9 | 10-12 || total
-------------------------+-------+-------+-------+-------++-------
Melee: War axe           |    93 |    73 |   250 |   174 ||   590
  Use: Potion            |       |     1 |       |       ||     1
       Scroll            |       |       |    11 |       ||    11
  Eat: Chunk             |     1 |     3 |    10 |     6 ||    20
       Beef jerky        |       |       |     1 |       ||     1
